AoeStats
← AiM | PiscolaPromedio

Arena

508343285Analyzed
4v4 RM · 8d ago on Sep 22, 2026· 55m 52s· 8 players
Game mode
Random Map
Map size
Large (8 player)
Population
200
Speed
Normal
Resources
Standard
Victory
Conquest
Starting age
Dark Age
Ending age
Imperial Age
RankedLock teamsTeams togetherTeam positionsShared explorationLock speedFull tech treeHidden civsTurbo modeCheats
Victory
Defeat
🇦🇷 Vikings · Argentina
1531
+12
🇨🇱 Chinese · Chile
1447
+15
🇨🇱 Berbers · Chile
1432
+16
🇦🇷 Poles · Argentina
1428
+16
🇪🇸 Mongols · Spain
1554
-20
🇲🇽 Japanese · Mexico
1439
-15
🇫🇮 Aztecs · Finland
1391
-13
🇺🇸 Ethiopians · United States
1334
-11
Nachom
10:59 Feudal Age
15:15 Castle Age
13:21 Double-Bit Axe
14:13 Gold Mining
14:15 Horse Collar
15:21 Forging
17:13 Bow Saw
21:41 Szlachta Privileges
22:09 Scale Barding Armor
22:36 Heavy Plow
23:38 Chain Barding Armor
23:11 Loom
24:01 Husbandry
25:28 Wheelbarrow
27:20 Iron Casting
28:20 Bloodlines
31:56 Imperial Age
30:12 Hand Cart
29:54 Stone Mining
32:04 Cavalier
33:46 Blast Furnace
33:59 Town Watch
34:53 Stone Shaft Mining
34:53 Coinage
35:47 Crop Rotation
36:50 Conscription
37:33 Lechitic Legacy
36:34 Light Cavalry
39:48 Siege Engineers
39:19 Winged Hussar
41:10 Masonry
42:02 Chemistry
41:14 Masonry
42:31 Scale Mail Armor
42:33 Squires
44:09 Banking
45:10 Treadmill Crane
46:30 Hoardings
46:12 Chain Mail Armor
56:15 Plate Mail Armor
Wa Tong Xing Plata
10:36 Feudal Age
14:38 Castle Age
13:44 Double-Bit Axe
24:10 Horse Collar
26:12 Wheelbarrow
25:30 Loom
30:27 Fletching
33:21 Imperial Age
31:18 Bow Saw
31:31 Gold Mining
31:55 Bodkin Arrow
33:05 Gold Shaft Mining
33:42 Ballistics
34:34 Hand Cart
41:20 Stone Mining
47:04 Elite Camel Archer
48:37 Conscription
49:03 Kasbah
49:58 Bracer
50:29 Padded Archer Armor
50:48 Thumb Ring
53:24 Chemistry
52:47 Leather Archer Armor
54:00 Ring Archer Armor
54:27 Husbandry
54:37 Bloodlines
AiM | PiscolaPromedio
0:27 Loom
11:27 Feudal Age
13:52 Double-Bit Axe
16:09 Castle Age
14:19 Horse Collar
16:08 Gold Mining
17:05 Scale Barding Armor
17:12 Bow Saw
17:28 Heavy Plow
19:18 Bloodlines
19:11 Husbandry
19:31 Light Cavalry
24:55 Wheelbarrow
27:47 Chain Barding Armor
27:38 Forging
28:19 Hand Cart
31:15 Gold Shaft Mining
30:31 Stone Mining
34:44 Imperial Age
32:13 Fletching
32:46 Ballistics
33:22 Thumb Ring
32:40 Elite Skirmisher
33:17 Bodkin Arrow
33:26 Padded Archer Armor
35:09 Leather Archer Armor
34:51 Cavalier
36:22 Iron Casting
36:23 Plate Barding Armor
35:49 Bracer
37:55 Ring Archer Armor
39:11 Blast Furnace
39:50 Chemistry
41:37 Conscription
55:10 Town Watch
Didi
9:28 Loom
11:45 Feudal Age
12:50 Loom
15:41 Castle Age
13:58 Double-Bit Axe
15:06 Gold Mining
18:10 Fletching
29:05 Scale Mail Armor
30:25 Bow Saw
32:06 Horse Collar
36:53 Imperial Age
33:53 Crossbowman
36:36 Gold Shaft Mining
36:42 Bodkin Arrow
36:47 Padded Archer Armor
37:51 Bogsveigar
37:18 Arbalester
39:15 Bracer
40:16 Stone Mining
40:52 Ballistics
40:58 Conscription
41:24 Leather Archer Armor
43:24 Chemistry
42:44 Forging
45:58 Ring Archer Armor
45:09 Elite Berserk
45:51 Chieftains
46:00 Squires
45:45 Arson
46:02 Pikeman
47:24 Masonry
48:14 Chain Mail Armor
47:30 Capped Ram
48:52 Heavy Plow
50:52 Plate Mail Armor
49:55 Siege Ram
51:38 Iron Casting
53:52 Blast Furnace
EL MAYA
11:16 Feudal Age
10:27 Loom
14:57 Castle Age
12:59 Double-Bit Axe
17:01 Fletching
23:26 Bow Saw
24:41 Bow Saw
36:11 Horse Collar
38:56 Heavy Plow
41:29 Wheelbarrow
45:17 Hand Cart
45:23 Hand Cart
45:34 Gold Mining
51:43 Imperial Age
49:25 Pikeman
50:18 Forging
50:09 Scale Mail Armor
51:40 Iron Casting
52:12 Chain Mail Armor
52:53 Halberdier
54:31 Plate Mail Armor
hehe xd
10:33 Feudal Age
14:39 Castle Age
15:32 Scale Mail Armor
15:43 Squires
15:56 Forging
16:02 Stone Mining
16:21 Double-Bit Axe
21:07 Horse Collar
24:19 Chain Mail Armor
25:05 Bow Saw
27:27 Gold Mining
28:46 Loom
30:22 Wheelbarrow
31:18 Iron Casting
31:10 Royal Heirs
32:01 Stone Shaft Mining
31:37 Heavy Plow
35:54 Hand Cart
38:50 Imperial Age
36:15 Fletching
38:14 Murder Holes
38:17 Bodkin Arrow
38:59 Elite Shotel Warrior
40:25 Conscription
41:15 Chemistry
40:09 Halberdier
42:15 Torsion Engines
44:09 Plate Mail Armor
45:18 Siege Engineers
45:35 Ballistics
46:29 Gold Shaft Mining
49:38 Blast Furnace
Nobody
8:05 Loom
11:34 Feudal Age
15:04 Castle Age
12:48 Horse Collar
13:28 Double-Bit Axe
16:38 Bow Saw
16:29 Heavy Plow
21:48 Wheelbarrow
20:59 Loom
24:16 Town Watch
24:31 Gold Mining
25:44 Fortified Wall
26:44 Fletching
29:43 Imperial Age
27:27 Padded Archer Armor
28:00 Bodkin Arrow
29:06 Leather Archer Armor
29:39 Hand Cart
29:31 Husbandry
29:41 Bloodlines
30:16 Ballistics
30:02 Thumb Ring
29:58 Stone Mining
30:32 Bracer
31:35 Conscription
31:37 Elite Mangudai
32:02 Capped Ram
33:35 Siege Ram
35:18 Chemistry
36:25 Drill
36:12 Siege Engineers
38:30 Murder Holes
38:46 Masonry
40:37 Forging
40:33 Scale Barding Armor
42:13 Onager
45:43 Hoardings
46:04 Caravan
46:35 Coinage
46:38 Heavy Scorpion
47:59 Iron Casting
47:45 Chain Barding Armor
50:12 Light Cavalry
Full power No shower
12:49 Feudal Age
14:06 Double-Bit Axe
14:13 Gold Mining
16:49 Castle Age
20:50 Imperial Age
18:58 Bow Saw
20:37 Redemption
20:24 Loom
25:19 Block Printing
36:26 Sanctity
37:44 Fervor
41:40 Illumination
44:40 Scale Mail Armor
44:47 Horse Collar
46:16 Stone Mining
46:40 Squires
46:05 Pikeman
47:01 Chain Mail Armor
46:56 Heavy Plow
48:29 Wheelbarrow
49:27 Plate Mail Armor
50:15 Forging
54:42 Gold Shaft Mining
Connection lost

Rejoining the realm…

Still unreachable

The connection could not be restored.

Session expired

The server has moved on; the page needs a fresh start.